 Dungeon Crawl Stone Soup version 0.25.0-9-g26727b657a (webtiles) character file.

Game seed: 11604312158584861437

24 Esekla the Grave Robber (level 2, 0/13 HPs)
             Began as a Spriggan Necromancer on June 16, 2020.
             Slain by a sky beast (5 damage)
             ... on level 2 of the Dungeon.
             The game lasted 00:05:44 (959 turns).

Esekla the Grave Robber (Spriggan Necromancer)       Turns: 959, Time: 00:05:44

Health: 0/13       AC:  2    Str:  4    XL:     2   Next: 79%
Magic:  2/7        EV: 18    Int: 16    God:
Gold:   60         SH:  0    Dex: 16    Spells: 6/7 levels left

rFire    . . .     SeeInvis +   e - +0 dagger
rCold    . . .     Gourm    .   (shield restricted)
rNeg     . . .     Faith    .   a - +0 robe
rPois    .         Spirit   .   (helmet restricted)
rElec    .         Reflect  .   (no cloak)
rCorr    .         Harm     .   (gloves unavailable)
MR       .....                  (boots unavailable)
Stlth    ++........             (no amulet)
HPRegen  0.04/turn              (no ring)
MPRegen  0.10/turn              (no ring)

@: very quick
A: very small, unfitting armour, see invisible, herbivore, speed 3, slow
metabolism 2
a: no special abilities


You were on level 2 of the Dungeon.
You were not hungry.

You visited 1 branch of the dungeon, and saw 3 of its levels.

You collected 60 gold pieces.

Inventory:

Hand Weapons
 e - a +0 dagger (weapon)
Armour
 a - a +0 robe (worn)
Scrolls
 d - 2 scrolls of teleportation {unknown}
 g - a scroll of identify {unknown}
 h - a scroll of remove curse {unknown}
 i - a scroll of blinking {unknown}
Potions
 b - a potion of resistance {unknown}
 f - a potion of degeneration {unknown}
Comestibles
 c - 5 rations


   Skills:
 * Level 3.2 Dodging
 + Level 3.0 Stealth
 * Level 3.1 Spellcasting
 + Level 4.2 Necromancy


You had 6 spell levels left.
You knew the following spells:

 Your Spells              Type           Power        Failure   Level  Hunger
a - Pain                  Necr           ###.         3%          1    None

Your spell library contained the following spells:

 Spells                   Type           Power        Failure   Level  Hunger
 Animate Skeleton         Necr           N/A          3%          1    None
 Vampiric Draining        Necr           ###.......   10%         3    ###....
 Animate Dead             Necr           N/A          32%         4    ####...
 Agony                    Necr           ###.....     67%         5    ######.


Dungeon Overview and Level Annotations

Branches:
Dungeon (3/15)

Altars:
Makhleb
Qazlal


Innate Abilities, Weirdness & Mutations

You are very small and have problems with some larger weapons.
You are too small for most types of armour.
You have supernaturally acute eyesight. (SInv)
You are a herbivore.
You cover ground extremely quickly.
You need to consume almost no food.


Message History

Aiming: Pain (safe; 3% risk of failure)
Press: ? - help, Shift-Dir - straight line, f/p - sky beast
Aim: a sky beast (moderately wounded, chance to defeat MR: 73%)
The sky beast writhes in agony!
The sky beast completely misses you.
Casting: Pain (safe; 3% risk of failure)
Confirm with . or Enter, or press ? or * to list all spells.
Aiming: Pain (safe; 3% risk of failure)
Press: ? - help, Shift-Dir - straight line, f/p - sky beast
Aim: a sky beast (heavily wounded, chance to defeat MR: 73%)
The sky beast writhes in agony!
The sky beast flickers out of sight for a moment.
The sky beast closely misses you.
Casting: Pain (safe; 3% risk of failure)
Confirm with . or Enter, or press ? or * to list all spells.
Aiming: Pain (safe; 3% risk of failure)
Press: ? - help, Shift-Dir - straight line, f/p - sky beast
Aim: a sky beast (almost dead, slightly transparent, chance to defeat MR: 73%)
The sky beast writhes in agony.
The sky beast hits you. The sky beast shocks you.
You die...

...♣.♣.♣...............#
##.......##.######.###.#
##♣#♣#♣###.# ####.# #
##.###...###
...#E#...#E#
#.###...####
#..........#
#.....Y....#
##....@....# ####...####
#E#...#E# ###...###
###.# .# $# ..


You could see an earth elemental, a water elemental, a fire elemental, an air
elemental and a sky beast (invisible).

Vanquished Creatures
  An adder (D:2)
  A leopard gecko (D:1)
  A bat (D:3)
  2 giant cockroaches
  2 goblins
  2 hobgoblins (D:2)
  A frilled lizard (D:1)
  2 kobolds (D:1)
12 creatures vanquished.

Notes
Turn   | Place    | Note
-------+----------+-------------------------------------------
     0 | D:1      | Esekla the Spriggan Necromancer began the quest for the
                  | Orb.
     0 | D:1      | Reached XP level 1. HP: 9/9 MP: 5/5
   158 | D:2      | Found a burning altar of Makhleb.
   158 | D:2      | Noticed a blizzard demon
   161 | D:2      | Noticed a ynoxinul
   161 | D:2      | Noticed a neqoxec
   572 | D:3      | Reached XP level 2. HP: 13/13 MP: 4/6
   829 | D:2      | Reached skill level 4 in Necromancy
   946 | D:2      | Found a stormy altar of Qazlal.
   948 | D:2      | Noticed a fire elemental
   948 | D:2      | Noticed a sky beast
   949 | D:2      | Noticed an air elemental
   949 | D:2      | Noticed an earth elemental
   949 | D:2      | Noticed a water elemental
   959 | D:2      | Slain by a sky beast

Illustrated notes

Levels and vault maps discovered:
D:1:      minmay_arrival_cross, layout_basic
D:2:      layout_loops_ring, nicolae_qazlal_style_of_elements, first_ration,
          serial_forest, infiniplex_forest_lined_room_, infiniplex_forest_split,
          infiniplex_forest_lined_1, infiniplex_forest_pool,
          infiniplex_forest_lined_room_, infiniplex_forest_lined_room_2,
          infiniplex_forest_corner_1, makhleb_altar_promises_db
D:3:      layout_loops_ring, lemuel_zombie_altar_yredelemnul

Skill      XL: |  1  2 |
---------------+-------+-----
Spellcasting   | 3 |  3.1
Necromancy     | 4 |  4.2
Dodging        | |  3.2
Stealth        | |  3.0

Action                   || total
-------------------------++-------
Melee: Dagger            ||    17
 Cast: Pain              ||    18
 Stab: Sleeping          ||     2
Dodge: Dodged            ||    21
